 Dungeon Crawl Stone Soup version 0.24.0-1-gfbc8707122 (webtiles) character file.

Game seed: 1739645620753577629, levelgen mode: deterministic

93 Arum the Slasher (level 4, -1/38 HPs)
             Began as a Draconian Gladiator on Oct 28, 2019.
             Slain by an ogre
             ... wielding a +0 giant club
              (17 damage)
             ... on level 2 of the Dungeon.
             The game lasted 00:02:35 (2008 turns).

Arum the Slasher (Draconian Gladiator)              Turns: 2008, Time: 00:02:36

Health: -1/38      AC:  5    Str: 16    XL:     4   Next: 37%
Magic:  4/4        EV: 13    Int:  8    God:
Gold:   82         SH:  0    Dex: 14    Spells: 3/3 levels left

rFire    . . .     SeeInvis .   p - +2 dagger (flame)
rCold    . . .     Gourm    .   (no shield)
rNeg     . . .     Faith    .   (armour unavailable)
rPois    .         Spirit   .   b - +0 hat
rElec    .         Reflect  .   (no cloak)
rCorr    .         Harm     .   (no gloves)
MR       .....                  (no boots)
Stlth    +.........             q - amulet of inaccuracy (curse)
HPRegen  0.12/turn              (no ring)
MPRegen  0.09/turn              (no ring)

@: no status effects
A: unfitting armour, cold-blooded, AC +5
a: no special abilities


You were on level 2 of the Dungeon.
You were not hungry.

You visited 1 branch of the dungeon, and saw 3 of its levels.

You collected 82 gold pieces.

Inventory:

Hand Weapons
 a - a +0 long sword
 p - a +2 dagger of flaming (weapon)
Missiles
 c - 3 throwing nets (quivered)
Armour
 b - a +0 hat (worn)
Jewellery
 q - a cursed amulet of inaccuracy (around neck)
Scrolls
 e - 3 scrolls of teleportation {unknown}
 g - a scroll of identify {unknown}
 h - a scroll of amnesia {unknown}
 k - a scroll of enchant armour {unknown}
 l - 3 scrolls of remove curse {unknown}
 r - a scroll of magic mapping {unknown}
Potions
 f - a potion of cancellation {unknown}
 i - a potion of curing {unknown}
 j - 3 potions of haste {unknown}
 m - a potion of magic {unknown}
 n - a potion of lignification {unknown}
 o - a potion of degeneration {unknown}
Comestibles
 d - 7 rations


   Skills:
 + Level 3.5 Fighting
 + Level 3.8 Long Blades
 - Level 1.7 Throwing
 + Level 3.4 Dodging


You had 3 spell levels left.
You didn't know any spells.
Your spell library was empty.

Dungeon Overview and Level Annotations

Branches:
Dungeon (3/15)

Altars:


Innate Abilities, Weirdness & Mutations

Your plain brown scales are hard. (AC +5)
You cannot fit into any form of body armour.
You are cold-blooded and may be slowed by cold attacks.


Message History

A giant cockroach comes into view.
You closely miss the ogre. The ogre hits you with a +0 giant club!
You closely miss the ogre. You tail-slap the ogre.
The ogre is lightly wounded.
The ogre misses you.
Found a scroll labeled ZUFEUNTOUJ.
There is a stone staircase leading up here.
The giant cockroach bites you but does no damage.
The ogre hits you with a +0 giant club! The rat closely misses you.
You climb upwards.
There is a stone staircase leading down here.
You hit the rat. You burn the rat.
You kill the rat!
The giant cockroach barely misses you. The giant cockroach closely misses you.
The giant cockroach closely misses you.
You hit the ogre. You burn the ogre. You tail-slap the ogre.
The ogre is heavily wounded.
The ogre hits you with a +0 giant club!
You die...

.##................# #.#.......
.##.........###.##.#####...÷.####
.###.##...### #>##....(......#
.###.###.## #..#########(..#
.##<..##.# ##.# #..## ....#....#
#.# #..##### ###...##.# #s#
#...)... .....###.# #O# #...###.
###### #.# ##@#########.......
#.# #...(........#.#.#.
#.######..#######.........
#.<.......#######.######.# ###
#########..........#.#.#.# ..#
#..######.⌠...⌠... #.# #..#
##.#.#.#.# #.### ########..#
#...†...⌠. ....# #.........#
##.#.#.#.#


You could see an ogre and a giant cockroach.

Vanquished Creatures
  Robin (D:1)
  An adder (D:2)
  A worm (D:2)
  3 dart slugs (D:1)
  4 giant cockroaches
  13 goblins
  6 hobgoblins
  10 jackals (D:1)
  A ball python (D:2)
  8 bats
  3 frilled lizards (D:2)
  3 kobolds
  4 rats
58 creatures vanquished.

Notes
Turn   | Place    | Note
-------+----------+-------------------------------------------
     0 | D:1      | Arum the Draconian Gladiator began the quest for the Orb.
     0 | D:1      | Reached XP level 1. HP: 17/17 MP: 1/1
   110 | D:1      | Reached XP level 2. HP: 12/25 MP: 2/2
   844 | D:1      | Reached XP level 3. HP: 30/30 MP: 3/3
  1125 | D:2      | Noticed Robin
  1172 | D:1      | Killed Robin
  1532 | D:2      | Reached XP level 4. HP: 36/38 MP: 4/4
  1984 | D:3      | Noticed an ogre
  2008 | D:2      | Slain by an ogre

Levels and vault maps discovered:
D:1:      elethiomel_arrival_infinity_welcomes_careful_drivers,
          layout_loops_ring, serial_park_tiny_pond
D:2:      layout_loops_ring, first_ration, kennysheep_crisscross, uniq_robin
D:3:      layout_basic, kiku_gazebo_pond_becter,
          grunt_temple_overflow_cloverleaf, nicolae_ru_the_path_less_chosen

Skill      XL: |  1  2  3 |
---------------+----------+-----
Dodging        | 3 |  3.4
Fighting       | 3 |  3.5
Long Blades    | |  3.8
Throwing       | |  1.7

Action                   |  1- 3 |  4- 6 || total
-------------------------+-------+-------++-------
Melee: Long sword        |    92 |       ||    92
       Tailslap          |    11 |     4 ||    15
       Dagger            |    10 |    43 ||    53
 Stab: Sleeping          |     2 |     3 ||     5
  Eat: Chunk             |     2 |     2 ||     4
Armor: Skin              |    39 |    15 ||    54
Dodge: Dodged            |   101 |    36 ||   137
       Rpst.: Long sword |    27 |       ||    27
